Map: Deathaura LE

Players

LiquidClem (Clem) - Winner!

  • Race: Terran Terran
  • Spawn Location: 5:00

Zest

  • Race: Protoss Protoss
  • Spawn Location: 11:00

VOD

Have the link to the VOD?

Description

Time

  • Played on: Jan. 12, 2021, 10:03 a.m.
  • Length: 6:52
Show
View Real Time Build Order
Export as new Build Order

LiquidClem Terran - Winner!

Build Orders: Reaper Expand 

Get SALT Encoding   

  12  0:00  SCV  
  13  0:12  SCV  
  14  0:16  Supply Depot  
  14  0:24  SCV  
  15  0:38  SCV  
  15  0:40  Barracks  
  16  0:43  Refinery  
  16  0:50  SCV  
  17  1:02  SCV  
  18  1:14  SCV  
  19  1:26  Orbital Command  
  19  1:27  Reaper  
  20  1:42  Command Center  
  20  1:48  Supply Depot  
  20  1:53  SCV  
  21  1:59  Barracks Reactor  
  21  2:05  SCV  
  22  2:09  Barracks  
  22  2:15  Bunker  
  22  2:20  SCV  
  23  2:28  Barracks  
  23  2:32  SCV  
  23  2:35  Marine x2  
  26  2:44  SCV  
  27  2:53  Marine x2  
  27  2:54  Orbital Command  
  27  2:56  SCV  
  27  2:57  Barracks Tech Lab  
  30  3:08  SCV  
  30  3:11  Marine x2  
  33  3:16  Barracks Tech Lab, Stimpack, Marine  
  34  3:20  SCV  
  34  3:21  SCV  
  36  3:28  Supply Depot  
  36  3:29  Marine  
  36  3:30  Marine  
  36  3:32  SCV  
  39  3:34  Combat Shield, Marine  
  39  3:38  Marauder  
  39  3:39  SCV  
  42  3:44  SCV  
  42  3:46  Marine  
  42  3:48  Marine  
  44  3:51  Supply Depot  
  44  3:52  SCV  
  44  3:53  Marauder  
  48  3:56  SCV  
  48  3:59  Marauder  
  48  4:02  Supply Depot  
  51  4:04  SCV  
  51  4:07  Marine x2  
  54  4:13  Refinery, SCV  
  54  4:14  Refinery  
  54  4:15  Marauder  
  57  4:18  Supply Depot  
  57  4:20  Marauder  
  57  4:22  SCV  
  60  4:25  SCV  
  60  4:26  Marine x2  
  60  4:30  Engineering Bay  
  63  4:36  SCV  
  63  4:37  SCV  
  65  4:38  Factory  
  65  4:42  Marauder  
  66  4:48  Marine x2  
  58  5:02  Missile Turret  
  58  5:03  Marauder  
  58  5:05  Marauder  
  54  5:19  Marine  
  47  5:22  Marine  
  44  5:31  Marine  
  44  5:34  Marine  
  40  5:37  Marine  
  40  5:39  SCV x2  
  40  5:42  Missile Turret  
  43  5:43  Marine  
  44  5:51  SCV  
  44  5:53  SCV  
  46  6:03  SCV  
  46  6:04  Marine x2  
  46  6:05  SCV  
  46  6:06  Marine  
  46  6:09  Marine  
  51  6:15  SCV  
  51  6:17  SCV  
  53  6:22  Marine x2  
  53  6:24  Marine  
  56  6:27  Marine  
  56  6:28  SCV  
  56  6:30  SCV  
Show
View Real Time Build Order
Export as new Build Order

Zest Protoss 

Build Orders: 1 Gate Expand, Dark Templar Rush 

Get SALT Encoding   

  12  0:00  Probe  
  13  0:12  Probe  
  14  0:17  Pylon  
  14  0:24  Probe (Chrono Boost)  
  15  0:36  Gateway  
  15  0:37  Probe (Chrono Boost)  
  16  0:44  Probe (Chrono Boost)  
  16  0:45  Assimilator  
  17  0:51  Probe  
  18  1:03  Probe  
  19  1:15  Probe  
  20  1:24  Cybernetics Core  
  20  1:32  Nexus  
  20  1:34  Probe  
  21  1:41  Pylon  
  21  1:47  Probe  
  22  1:50  Assimilator  
  22  1:57  Adept (Chrono Boost)  
  22  1:59  Probe (Chrono Boost)  
  22  2:01  Warp Gate  
  25  2:11  Probe (Chrono Boost)  
  26  2:17  Probe (Chrono Boost)  
  26  2:20  Stalker  
  29  2:25  Probe  
  30  2:34  Twilight Council  
  30  2:39  Probe (Chrono Boost)  
  31  2:44  Probe (Chrono Boost)  
  33  2:51  Robotics Facility  
  33  2:54  Probe x2 (Chrono Boost)  
  34  2:59  Probe (Chrono Boost)  
  34  3:01  Probe  
  36  3:08  Gateway  
  36  3:11  Probe  
  37  3:13  Probe  
  37  3:18  Dark Shrine  
  38  3:23  Probe  
  38  3:25  Probe  
  40  3:28  Gateway  
  40  3:35  Probe  
  40  3:38  Probe  
  40  3:39  Warp Prism (Chrono Boost)  
  40  3:40  Assimilator  
  44  3:48  Probe  
  44  3:50  Pylon, Probe  
  46  4:04  Nexus  
  46  4:08  Probe x2  
  48  4:10  Pylon  
  48  4:14  Assimilator  
  48  4:20  Probe x2  
  50  4:27  Pylon  
  50  4:32  Dark Templar x3  
  50  4:36  Observer (Chrono Boost)  
  50  4:37  Probe x2  
  59  4:40  Pylon  
  59  4:49  Probe  
  59  4:51  Pylon  
  59  4:53  Forge  
  59  4:55  Shield Battery  
  56  5:06  Dark Templar  
  42  5:12  Dark Templar  
  42  5:13  Probe  
  42  5:14  Probe  
  44  5:19  Probe  
  32  5:26  Probe  
  32  5:27  Probe  
  27  5:32  Probe (Chrono Boost)  
  25  5:38  Probe (Chrono Boost)  
  25  5:39  Probe (Chrono Boost)  
  27  5:46  Dark Templar  
  27  5:49  Probe (Chrono Boost)  
  30  5:50  Probe (Chrono Boost)  
  30  5:53  Probe (Chrono Boost)  
  32  5:59  Probe (Chrono Boost)  
  33  6:07  Probe (Chrono Boost)  
  35  6:13  Probe (Chrono Boost)  
  35  6:16  Probe (Chrono Boost)  
  35  6:17  Probe (Chrono Boost)  
  37  6:22  Pylon  
  37  6:23  Sentry  
  37  6:44  Dark Templar  
Tags
 
Add a new tag
Caveats
  • Supply blocks, unpowered buildings, or Contaminate may cause inaccurate times.
  • Supply counts are checked every 10 seconds.